 Dungeon Crawl Stone Soup version 0.31-a0-986-g5e6e4ef867 (webtiles) character file.

Game seed: 5629523656793193079

856 Persephone the Mimic (level 8, -3/50 HPs)
             Began as an Octopode Shapeshifter on Nov 13, 2023.
             Was an Initiate of Gozag.
             Slain by a gnoll
             ... wielding a +0 spear
              (5 damage)
             ... on level 5 of the Dungeon.
             The game lasted 00:05:38 (3907 turns).

Persephone the Mimic (Octopode Shapeshifter)        Turns: 3907, Time: 00:05:38

Health: -3/50      AC:  1    Str: 13 (16) XL:     8   Next: 2%
Magic:  8/8        EV:  8    Int: 11 (12) God:    Gozag
Gold:   399        SH: 12    Dex:  9 (11) Spells: 7/7 levels left

rFire   . . .        t - +2 dagger (flame)
rCold   . . .        h - +3 tower shield
rNeg    . . .        (helmet currently unavailable)
rPois   .            (no amulet)
rElec   .            (no ring)
rCorr   .            (no ring)
SInv    .            (no ring)
Will    .....        (no ring)
Stlth   ++           (no ring)
HPRegen 0.28/turn    (no ring)
MPRegen 0.11/turn    (no ring)
                     (no ring)

%: no passive effects
@: beast-form, gold aura
A: beast (slay +4), almost no armour, amphibious, 8 rings, camouflage 1,
gelatinous body 1, (nimble swimmer 1), tentacles
a: Begin Untransformation, Renounce Religion, Potion Petition, Call Merchant,
Bribe Branch


You were on level 5 of the Dungeon.
You worshipped Gozag.
Gozag was aware of your devotion.
You were a hulking beast.
You visited 2 branches of the dungeon, and saw 6 of its levels.

You collected 450 gold pieces.
You paid 51 gold pieces to Gozag.

Inventory:

Hand Weapons
 t - a +2 dagger of flaming (weapon)
Armour
 h - a +3 tower shield (worn)
Jewellery
 f - a ring of magical power
 s - a ring of see invisible
 u - a ring of willpower
Talismans
 b - a beast talisman
 c - a flux talisman
 i - a storm talisman
Wands
 a - a wand of polymorph (10)
Scrolls
 d - 2 scrolls of teleportation
 g - a scroll of revelation {unknown}
 j - a scroll of fear {unknown}
 r - a scroll of enchant armour
Potions
 e - a potion of magic
 k - a potion of heal wounds {unknown}
 l - a potion of resistance {unknown}
 m - a potion of enlightenment {unknown}
 n - a potion of haste {unknown}
 o - a potion of degeneration
 q - a potion of might {unknown}


   Skills:
 - Level 2.1 Fighting
 - Level 2.0 Dodging
 - Level 3.5 Unarmed Combat
 * Level 8.2 Shapeshifting


You had 7 spell levels left.
You didn't know any spells.
Your spell library contained the following spells:

 Spells                   Type           Power      Damage    Failure   Level
 Magic Dart               Conj           0%         1d3       100%        1
 Call Imp                 Summ           0%         N/A       100%        2
 Sublimation of Blood     Necr           0%         N/A       100%        2
 Wereblood                Tmut           0%         N/A       100%        2
 Mephitic Cloud           Conj/Pois/Air  0%         N/A       100%        3
 Summon Hydra             Summ           0%         N/A       100%        7


Dungeon Overview and Level Annotations

Branches:
Dungeon (5/15)             Temple (1/1) D:4

Altars:
Ashenzari
Cheibriados
Elyvilon
Gozag
Kikubaaqudgha
Nemelex Xobeh
Okawaru
Ru
Sif Muna
Trog
Xom
Yredelemnul
Zin
The Shining One

Shops:
D:4 [


Innate Abilities, Weirdness & Mutations

You are a hulking beast.
Your limbs bulge with bestial killing power. (Slay +4)
You cannot wear most types of armour.
You are amphibious.
You can wear up to eight rings at the same time.
Your skin changes colour to match your surroundings (Stealth+).
Your rubbery body absorbs attacks. (AC +1, EV +1)
((You are camouflaged when in or above water. (Stealth+)))
You have tentacles for arms and can constrict up to eight enemies at once.


Message History

A gnoll comes into view.
It is wielding a +0 flail. 2 gnolls come into view.
Auto kill stopped - Too dangerous: Extremely Dangerous (0) Dangerous (0) Easy (4) Harmless (0)
The gnoll shouts!
You puncture the gnoll! You burn the gnoll. You grab the gnoll.
You squeeze the gnoll.
You kill the gnoll!
The gnoll hits you from afar with a +0 spear!
The gnoll is distracted by your dazzling golden aura.
The gnoll hits you from afar with a +0 spear.
You have reached level 8!
The gnoll misses you.
The gnoll shouts!
You hit the gnoll. You burn the gnoll. You grab the gnoll.
The gnoll is moderately wounded.
You constrict the gnoll. The gnoll hits you with a +0 spear.
You hit the gnoll. You burn the gnoll.
The gnoll is severely wounded.
You constrict the gnoll.
The gnoll is no longer distracted by gold.
The gnoll hits you with a +0 spear! You block the gnoll's attack.
The gnoll hits you from afar with a +0 spear.
The gnoll escapes!
The gnoll hits you with a +0 flail. You block the gnoll's attack.
The gnoll hits you with a +0 spear!
* * * LOW HITPOINT WARNING * * *
You feel better.
The gnoll is distracted by your dazzling golden aura.
You block the gnoll's attack. The gnoll hits you with a +0 flail!
* * * LOW HITPOINT WARNING * * *
You puncture the gnoll! You burn the gnoll.
You kill the gnoll!
The gnoll barely misses you. The gnoll hits you with a +0 flail.
* * * LOW HITPOINT WARNING * * *
It was a potion of degeneration.
There was something very wrong with that liquid.
You feel weakened.
You feel dopey.
You feel clumsy. The gnoll barely misses you.
The gnoll hits you with a +0 spear.
You die...
Your body crumbles into a pile of gold.

############ #..........#
#..........# ##..$.......#
#........:..#
#.......$.....#
.#######.......gg....#
...........# ##h#
...........# #$.#
...........####.#########
...........#.....##.....##
.........................##
..........................#
........##................#
........##................#
........##................#


You could see 2 gnolls.

Vanquished Creatures
  A water moccasin (D:5)
  An ogre (D:5)
  A black bear (D:4)
  A phantom (D:5)
  2 scorpions (D:5)
  A howler monkey (D:4)
  An orc priest (D:5)
  2 hounds
  A sleepcap (D:5)
  Jessica (D:2)
  Natasha (D:2)
  5 gnolls
  4 adders
  4 worms
  4 dart slugs
  7 orcs
  7 ball pythons
  8 endoplasms
  4 giant cockroaches
  8 goblins
  5 hobgoblins
  3 jackals (D:4)
  5 kobolds
  4 quokkas
  5 bats
  2 frilled lizards
  2 rats (D:3)
90 creatures vanquished.

Notes
Turn   | Place    | Note
-------+----------+-------------------------------------------
     0 | D:1      | Persephone the Octopode Shapeshifter began the quest for
                  | the Orb.
     0 | D:1      | Reached XP level 1. HP: 13/13 MP: 1/1
   166 | D:1      | Reached XP level 2. HP: 15/18 MP: 2/2
   375 | D:1      | Reached XP level 3. HP: 17/23 MP: 3/3
   565 | D:1      | Found a faded altar of an unknown god.
   740 | D:2      | Noticed Jessica
   745 | D:2      | Killed Jessica
   764 | D:2      | Reached XP level 4. HP: 29/29 MP: 4/4
  1163 | D:2      | Reached skill level 4 in Shapeshifting
  1471 | D:3      | Noticed Natasha
  1484 | D:2      | Killed Natasha
  1823 | D:3      | Found a snail-covered altar of Cheibriados.
  1832 | D:3      | Reached XP level 5. HP: 34/34 MP: 5/5
  2210 | D:4      | Identified the of Zianluh
  2226 | D:4      | Found a staircase to the Ecumenical Temple.
  2255 | Temple   | Entered the Ecumenical Temple
  2287 | Temple   | Became a worshipper of Gozag Ym Sagoz the Greedy
  2430 | D:4      | Reached skill level 5 in Shapeshifting
  2560 | D:4      | Found an iron altar of Okawaru.
  2722 | D:4      | Noticed a black bear
  2742 | D:4      | Killed a black bear
  2743 | D:4      | Reached XP level 6. HP: 32/39 MP: 6/6
  2816 | D:4      | Found a bloodstained altar of Trog.
  2878 | D:4      | Reached skill level 6 in Shapeshifting
  3035 | D:4      | Found Kimoisiss's Antique Armour Shop.
  3160 | D:5      | Entered Level 5 of the Dungeon
  3166 | D:5      | Reached XP level 7. HP: 45/45 MP: 7/7
  3249 | D:5      | Reached skill level 7 in Shapeshifting
  3603 | D:5      | Reached skill level 8 in Shapeshifting
  3901 | D:5      | Reached XP level 8. HP: 39/50 MP: 8/8
  3906 | D:5      | HP: 2/50 [gnoll/+0 flail (6)]
  3907 | D:5      | Slain by a gnoll

Illustrated notes

Levels and vault maps discovered:
D:1:      lightli_arrival_isolated_outpost, layout_basic, basic_ecumenical_altar
D:2:      layout_basic, serial_rivers, chequers_serial_rivers_micro_e,
          chequers_serial_rivers_small_a, chequers_serial_rivers_micro_a,
          chequers_serial_rivers_small_3, uniq_jessica
D:3:      layout_rooms, slow_altar_2, kennysheep_decorative_pillar,
          columned_hall_lemuel, uniq_natasha
D:4:      minmay_wonky_spiral, layout_gridville, kennysheep_mini, trog_book,
          minmay_temple_entry_crystal_x, serial_shops, shop,
          kennysheep_generic_room_13
D:5:      layout_rooms, gup_sewer_entry_spiral
Temple:   bh_familiar_temple

Skill      XL: |  1  2  3  4  5  6  7 |
---------------+----------------------+-----
Fighting       | 2 |  2.1
Shapeshifting  | 4 5 6 8 |  8.2
Dodging        | |  2.0
Unarmed Combat | |  3.5

Action                     |  1- 3 |  4- 6 |  7- 9 || total
---------------------------+-------+-------+-------++-------
  Melee: Unarmed           |    45 |    84 |       ||   129
         Constrict         |    11 |    24 |    13 ||    48
         Tentacles         |     9 |    19 |    11 ||    39
         Punch             |     1 |       |       ||     1
         Dagger            |       |    22 |    39 ||    61
    Use: Potion            |       |     1 |     4 ||     5
         Scroll            |       |     3 |       ||     3
   Stab: Sleeping          |     1 |     3 |     1 ||     5
         Distracted        |       |     2 |       ||     2
 Armour: Skin              |    13 |    59 |    29 ||   101
  Dodge: Dodged            |    29 |    28 |    13 ||    70
  Block: Tower shield      |       |    69 |    29 ||    98

Table legend: (Time is in decaauts)
 A = Elapsed time spent in this place.
 B = Non-inter-level travel time spent in this place.
 C = Inter-level travel time spent in this place.
 D = Time resting spent in this place.
 E = Time spent auto-exploring this place.
 F = Levels seen in this place.
 G = Mean time per level.
                   A        B        C        D        E       F      G
               +--------+--------+--------+--------+--------+-----+--------+
         Total |   3955 |   3833 |    122 |      0 |   3131 |   6 |  659.2 |
       Dungeon |   3891 |   3830 |     61 |      0 |   3131 |   5 |  778.2 |
        Temple |     63 |      2 |     61 |      0 |      0 |   1 |   63.0 |
               +--------+--------+--------+--------+--------+-----+--------+

Top non-repeatable levels by time:
     D:4: 1120 daAuts
     D:2: 970 daAuts
     D:3: 638 daAuts
     D:1: 609 daAuts
     D:5: 551 daAuts
  Temple: 63 daAuts
